 Dungeon Crawl Stone Soup version 0.32-a0-791-gfc315c9ecd (webtiles) character file.

Game seed: 3696964472476100028

1246 Revguard the Shield-Bearer (level 8, -2/61 HPs)
             Began as a Demonspawn Fighter on Mar 20, 2024.
             Slain by an orc
             ... wielding a +0 hand axe
              (6 damage)
             ... on level 6 of the Dungeon.
             The game lasted 00:07:30 (3323 turns).

Revguard the Shield-Bearer (Demonspawn Fighter)     Turns: 3323, Time: 00:07:31

Health: -2/61      AC: 16    Str: 19    XL:     8   Next: 25%
Magic:  10/11      EV:  5    Int:  8    God:
Gold:   146        SH:  5    Dex: 13    Spells: 7/7 levels left

rFire   . . .        a - +0 war axe
rCold   . . .        c - +0 buckler
rNeg    . . .        f - +0 plate armour
rPois   .            (no helmet)
rElec   .            (no cloak)
rCorr   .            e - +0 pair of gloves
SInv    .            x - +0 pair of boots
Will    .....        (no amulet) Stlth
                     (no ring)
HPRegen 0.30/turn    (no ring)
MPRegen 0.12/turn

%: no passive effects
@: attractive
A: thin metallic scales 1, foul stench 3, spiny 2, weakness stinger 1
a: no special abilities


You were on level 6 of the Dungeon.
You visited 1 branch of the dungeon, and saw 6 of its levels.

You collected 220 gold pieces.
You spent 74 gold pieces at shops.

Inventory:

Hand Weapons
 a - a +0 war axe (weapon)
Armour
 b - a +0 scale mail
 c - a +0 buckler (worn)
 e - a +0 pair of gloves (worn)
 f - a +0 plate armour (worn)
 x - a +0 pair of boots (worn)
Jewellery
 k - an amulet of regeneration
 m - a +6 ring of intelligence
 u - a +6 ring of intelligence
Wands
 z - a wand of mindburst (2)
Scrolls
 d - a scroll of teleportation {unknown}
 h - 2 scrolls of poison {unknown}
 i - 2 scrolls of immolation {unknown}
 j - 2 scrolls of enchant armour {unknown}
 l - a scroll of noise {unknown}
 q - a scroll of amnesia {unknown}
 v - a scroll of enchant weapon {unknown}
 w - a scroll of fog {unknown}
 y - a scroll of identify
Potions
 g - 3 potions of brilliance
 n - a potion of mutation
 p - 2 potions of attraction
 r - a potion of invisibility {unknown}
 s - a potion of might
 t - a potion of ambrosia {unknown}


   Skills:
 + Level 4.5 Fighting
 * Level 4.5 Axes
 + Level 4.0 Armour
 + Level 2.7 Dodging
 * Level 4.9 Shields
 + Level 4.0 Invocations
 + Level 3.0 Evocations


You had 7 spell levels left.
You didn't know any spells.
Your spell library contained the following spells:

 Spells                   Type           Power      Damage    Failure   Level
 Summon Small Mammal      Summ           0%         N/A       100%        1
 Static Discharge         Conj/Air       0%         3-3/arc   100%        2
 Call Canine Familiar     Summ           0%         N/A       100%        3
 Passwall                 Erth           0%         N/A       100%        3
 Volatile Blastmotes      Fire/Tloc      0%         2d10      100%        3
 Airstrike                Air            0%         2d(0-16)  100%        4
 Manifold Assault         Tloc           0%         N/A       100%        4
 Summon Blazeheart Golem  Fire/Summ      0%         N/A       100%        4
 Summon Lightning Spire   Summ/Air       0%         N/A       100%        4
 Bombard                  Conj/Erth      0%         9d1       100%        6
 Dispersal                Tloc           0%         N/A       100%        6
 Disjunction              Tloc           0%         N/A       100%        8


Dungeon Overview and Level Annotations

Branches:
Dungeon (7/15)
 Temple: D:4-7

Altars:
Ashenzari
Cheibriados
Okawaru
Ru
Xom

Shops:
D:3 *


Innate Abilities, Weirdness & Mutations

You are partially covered in thin metallic scales. (AC +2)
You frequently emit foul miasma when damaged in melee.
You are mostly covered in sharp spines.
You have a small tail.


Message History

You blow up the wight!
The ice beast is attracted toward you.
Your Armour skill increases to level 4!
Aiming: Mindburst
Press: ? - help, Shift-Dir - straight line, f - ice beast
Aim: an ice beast (foul pestilence, lightly wounded, chance to affect: 76%)
The ice beast barely resists.
You hear a shout!
An ogre comes into view. It is wielding a +0 giant spiked club.
The ice beast is engulfed in dark miasma.
The ice beast barely misses you.
The ogre shouts!
The ogre is attracted toward you.
Aiming: Mindburst
Press: ? - help, Shift-Dir - straight line, f/p - ice beast
Aim: an ice beast (heavily wounded, chance to affect: 76%)
The ice beast barely resists.
The ice beast closely misses you. The ogre is attracted toward you.
Aiming: Mindburst
Press: ? - help, Shift-Dir - straight line, f/p - ice beast
Aim: an ice beast (heavily wounded, chance to affect: 76%)
The ice beast's mind is blasted!!
You blow up the ice beast!
You block the ogre's attack.
Your life force feels restored.
Your Invocations skill increases to level 4!
Your Evocations skill increases to level 3!
Aiming: Mindburst
Press: ? - help, Shift-Dir - straight line, f - ogre
Aim: an ogre, wielding a +0 giant spiked club (translocational energy, chance to affect: 76%)
The ogre's mind is blasted!!
An orc comes into view. It is wielding a +0 hand axe.
The ogre hits you with a +0 giant spiked club!
* * * LOW HITPOINT WARNING * * *
The orc is attracted toward you.
Aiming: Mindburst
Press: ? - help, Shift-Dir - straight line, f/p - ogre
Aim: an ogre, wielding a +0 giant spiked club (almost dead, chance to affect: 76%)
The ogre barely resists.
The orc hits you with a +0 hand axe.
You die...

#....### ###.#
#....### #...#####
#......# #........
####.##.#)# #........
#.......#.###........
...#...###.)..........
.. #.......#./.zz.....
.
#..#..#.#.§########..
#..#..#.....o@O......
#.....##############(
#.##### #..†.>#
#####.# ..# ####


You could see an ogre and an orc.

Vanquished Creatures
  A water moccasin (D:7)
  An ice beast (D:6)
  2 black bears
  A sky beast (D:7)
  A centaur (D:6)
  A phantom (D:7)
  A bullfrog (D:7)
  A scorpion (D:7)
  3 wights (D:6)
  A bombardier beetle (D:6)
  2 hounds (D:6)
  An orc priest (D:7)
  A gnoll bouda (D:7)
  An orc wizard (D:7)
  Terence (D:2)
  5 adders
  3 gnolls (D:7)
  A shadow imp (D:7)
  A dart slug (D:1)
  4 orcs
  5 ball pythons
  3 endoplasms
  6 giant cockroaches (D:1)
  3 goblins
  A hobgoblin (D:3)
  4 jackals (D:1)
  A quokka (D:1)
  3 bats
  3 frilled lizards
  6 kobolds
  4 rats
72 creatures vanquished.

Notes
Turn   | Place    | Note
-------+----------+-------------------------------------------
     0 | D:1      | Revguard the Demonspawn Fighter began the quest for the
                  | Orb.
     0 | D:1      | Reached XP level 1. HP: 18/18 MP: 1/1
    73 | D:1      | Gained mutation: You have a small tail. [demonic ancestry]
    73 | D:1      | Reached XP level 2. HP: 24/24 MP: 2/2
   741 | D:2      | Noticed Terence
   758 | D:2      | Killed Terence
   759 | D:2      | Reached skill level 1 in Invocations
   759 | D:2      | Gained mutation: You may rarely emit foul miasma when
                  | damaged in melee. [demonic ancestry]
   759 | D:2      | Reached XP level 3. HP: 11/29 MP: 3/3
   867 | D:2      | Reached skill level 1 in Dodging
  1094 | D:2      | Gained mutation: You are partially covered in sharp spines.
                  | [demonic ancestry]
  1094 | D:2      | Reached XP level 4. HP: 35/35 MP: 4/4
  1333 | D:2      | Found a shimmering altar of Xom.
  1494 | D:3      | Reached skill level 1 in Evocations
  1526 | D:3      | Found Ziavink's Assorted Antiques.
  1537 | D:3      | Bought 2 bubbling orange potions for 36 gold pieces
  1537 | D:3      | Bought a scroll labelled PUKAOMN ONKE for 20 gold pieces
  1537 | D:3      | Bought a bubbling yellow potion for 18 gold pieces
  1715 | D:3      | Identified the +0 ring mail of Bitterness {rF+ rC- rN+++
                  | Str-4}
  1990 | D:3      | Found a faded altar of an unknown god.
  2026 | D:3      | Found an iron altar of Okawaru.
  2137 | D:3      | Found a snail-covered altar of Cheibriados.
  2146 | D:3      | Found a sacrificial altar of Ru.
  2175 | D:4      | You fall into a shaft and drop 2 floors!
  2179 | D:6      | Identified the +0 robe of Rallemue {+Inv rF+ Archmagi}
  2256 | D:6      | Noticed a centaur
  2262 | D:6      | Killed a centaur
  2263 | D:6      | Gained mutation: You sometimes emit foul miasma when
                  | damaged in melee. [demonic ancestry]
  2263 | D:6      | Reached XP level 5. HP: 27/41 MP: 6/6
  2386 | D:7      | Noticed a black bear
  2391 | D:7      | Noticed a sky beast
  2403 | D:7      | Killed a black bear
  2403 | D:7      | Killed a sky beast
  2404 | D:7      | Gained mutation: You are mostly covered in sharp spines.
                  | [demonic ancestry]
  2404 | D:7      | Reached XP level 6. HP: 19/48 MP: 7/7
  2575 | D:7      | Noticed a water moccasin
  2594 | D:7      | Gained mutation: You frequently emit foul miasma when
                  | damaged in melee. [demonic ancestry]
  2594 | D:7      | Reached XP level 7. HP: 43/53 MP: 9/9
  2600 | D:7      | Identified the +11 trident of the Wolf {venom, Fly rPois
                  | rC- Str-5 Stlth+}
  3031 | D:7      | Found a broken altar of Ashenzari.
  3307 | D:6      | Gained mutation: You are partially covered in thin metallic
                  | scales. (AC +2) [demonic ancestry]
  3307 | D:6      | Reached XP level 8. HP: 46/61 MP: 10/10
  3322 | D:6      | HP: 3/61 [ogre/+0 giant spiked club (11)]
  3323 | D:6      | Slain by an orc

Illustrated notes

Levels and vault maps discovered:
D:1:      minmay_arrival_five_plusses, layout_loops_cross,
          chequers_serial_rivers_micro_a, minivault_5, minmay_worlds_worst_comb
D:2:      layout_basic, basic_altar, uniq_terence
D:3:      layout_loops_cross, mainiacjoe_overflow_boulevard,
          mainiacjoe_overflow_swirl, serial_shops, shop,
          ebering_ecumenical_altar_rust
D:4:      layout_rooms, mainiacjoe_overflow_tiny_flanked,
          overflow_temple_1_default, minmay_crossroads
D:6:      layout_basic
D:7:      layout_cave_pools, amcnicky_altar_gilded, minmay_starry_boxes

Skill      XL: |  1  2  3  4  5  6  7  8 |
---------------+-------------------------+-----
Axes           | 2 3 4 |  4.5
Invocations    | 1 2 3 4 |  4.0
Dodging        | 1 2 |  2.7
Shields        | 3 4 |  4.9
Armour         | 3 4 |  4.0
Evocations     | 1 2 3 |  3.0
Fighting       | 4 |  4.5

Action                     |  1- 3 |  4- 6 |  7- 9 || total
---------------------------+-------+-------+-------++-------
  Melee: War axe           |    86 |    53 |    44 ||   183
         Tailslap          |     4 |    13 |     5 ||    22
  Evoke: Wand              |       |       |     7 ||     7
    Use: Potion            |     4 |     2 |     2 ||     8
         Scroll            |       |     3 |       ||     3
 Armour: Scale mail        |    25 |       |       ||    25
         Plate armour      |    61 |    75 |    53 ||   189
  Dodge: Dodged            |    42 |    13 |    16 ||    71
  Block: Buckler           |    32 |    19 |    10 ||    61

Table legend: (Time is in decaauts)
 A = Elapsed time spent in this place.
 B = Non-inter-level travel time spent in this place.
 C = Inter-level travel time spent in this place.
 D = Time resting spent in this place.
 E = Time spent auto-exploring this place.
 F = Levels seen in this place.
 G = Mean time per level.
                   A        B        C        D        E       F      G
               +--------+--------+--------+--------+--------+-----+--------+
         Total |   3395 |   3287 |    108 |    161 |   2460 |   6 |  565.8 |
       Dungeon |   3395 |   3287 |    108 |    161 |   2460 |   6 |  565.8 |
               +--------+--------+--------+--------+--------+-----+--------+

Top non-repeatable levels by time:
     D:7: 838 daAuts
     D:2: 810 daAuts
     D:1: 719 daAuts
     D:3: 689 daAuts
     D:6: 336 daAuts
     D:4: 0 daAuts
